 Dungeon Crawl Stone Soup version 0.30-a0-1075-gcd70e7a56d (webtiles) character file.

Game seed: 4912455775698161858

21 tilp the Magician (level 2, -1/24 HPs)
             Began as an Armataur Hedge Wizard on Apr 15, 2023.
             Slain by a gnoll
             ... wielding a +0 whip
              (6 damage)
             ... on level 2 of the Dungeon.
             The game lasted 00:03:06 (873 turns).

tilp the Magician (Armataur Hedge Wizard)            Turns: 873, Time: 00:03:07

Health: -1/24      AC:  4    Str: 15    XL:     2   Next: 62%
Magic:  4/5        EV:  9    Int: 14    God:
Gold:   11         SH:  0    Dex:  9    Spells: 2/6 levels left

rFire   . . .      SeeInvis .    a - +0 dagger
rCold   . . .      Faith    .    (no shield)
rNeg    . . .      Spirit   .    b - +0 robe
rPois   .          Reflect  .    c - +0 hat
rElec   .          Roll     +    (no cloak)
rCorr   .                        (no gloves)
Will    .....                    (no barding)
Stlth   ++                       f - amulet of magic regeneration
HPRegen 0.24/turn                (no ring)
MPRegen 0.49/turn                (no ring)

@: very slightly contaminated
A: large, rugged brown scales 3, deformed body, armoured tail, roll, long
tongue, awkward tongue
a: no special abilities


You were on level 2 of the Dungeon.
You visited 1 branch of the dungeon, and saw 2 of its levels.

You collected 53 gold pieces.
You spent 42 gold pieces at shops.

Inventory:

Hand Weapons
 a - a +0 dagger (weapon)
Missiles
 e - 21 stones
Armour
 b - a +0 robe (worn)
 c - a +0 hat (worn)
Jewellery
 f - an amulet of magic regeneration (around neck)
Scrolls
 g - a scroll of magic mapping {unknown}
 h - 3 scrolls of identify {unknown}
 i - 2 scrolls of immolation {unknown}
 o - a scroll of vulnerability {unknown}
Potions
 d - a potion of magic
 j - a potion of brilliance {unknown}
 k - a potion of lignification {unknown}
 l - a potion of attraction {unknown}
 m - 2 potions of haste {unknown}
 n - 2 potions of mutation {unknown}
 p - a potion of curing {unknown}


   Skills:
 * Level 1.1 Fighting
 + Level 0.1 Short Blades
 + Level 1.5 Dodging
 + Level 2.4 Stealth
 + Level 2.7 Spellcasting
 + Level 1.0 Conjurations
 + Level 1.0 Summonings
 + Level 1.0 Translocations


You had 2 spell levels left.
You knew the following spells:

 Your Spells              Type           Power      Damage    Failure   Level
a - Magic Dart            Conj           16%        1d3       14%         1
b - Slow                  Hex            4%         N/A       22%         1
c - Blink                 Tloc           8%         N/A       22%         2

Your spell library contained the following spells:

 Spells                   Type           Power      Damage    Failure   Level
 Call Imp                 Summ           10%        N/A       22%         2
 Cigotuvi's Dreadful Rot  Necr/Pois/Air  2%         N/A       32%         2
 Mephitic Cloud           Conj/Pois/Air  2%         N/A       50%         3


Dungeon Overview and Level Annotations

Branches:
Dungeon (2/15)

Altars:

Shops:
D:1 *   D:2 [


Innate Abilities, Weirdness & Mutations

You are completely covered in rugged brown scales. (AC +3, +7% HP)
Armour fits poorly on your strangely shaped body.
You have a long armoured tail.
You roll when moving toward enemies. (Rampage)
Your long tongue fully drains potion bottles. (2x potion effects)
Your tongue gives you trouble enunciating. (1.5x scroll delay)


Message History

Aim: a gnoll, wielding a +0 whip (chance to affect: 42%)
You miscast Slow.
Nothing appears to happen.
The gnoll hits you with a +0 whip.
Unknown command.
Unknown command.
Unknown command.
Casting: Slow (safe; 22% risk of failure)
Confirm with . or Enter, or press ? or * to list all spells.
Aiming: Slow (safe; 22% risk of failure)
Press: ? - help, Shift-Dir - straight line, f/p - gnoll
Aim: a gnoll, wielding a +0 whip (chance to affect: 42%)
The gnoll seems to slow down.
The gnoll hits you with a +0 whip.
Unknown command.
Unknown command.
You hit the gnoll but do no damage.
The gnoll is no longer moving slowly.
You hit the gnoll.
The gnoll is moderately wounded.
The gnoll barely misses you.
You hit the gnoll but do no damage.
The gnoll is moderately wounded.
The gnoll hits you with a +0 whip.
You hit the gnoll but do no damage.
Your tail-slap misses the gnoll.
The gnoll is moderately wounded.
The gnoll hits you but does no damage.
You hit the gnoll.
You tail-slap the gnoll, but do no damage.
The gnoll is heavily wounded.
The gnoll hits you with a +0 whip.
* * * LOW HITPOINT WARNING * * *
You hit the gnoll.
The gnoll is severely wounded.
The gnoll hits you but does no damage.
Casting: Slow (safe; 22% risk of failure)
Confirm with . or Enter, or press ? or * to list all spells.
Aiming: Magic Dart (safe; 14% risk of failure)
Press: ? - help, Shift-Dir - straight line, f/p - gnoll
Aim: a gnoll, wielding a +0 whip (severely wounded, 100% to hit)
The magic dart hits the gnoll.
The gnoll is almost dead.
The gnoll hits you with a +0 whip.
You die...

## #. ..## ##. #..[# #..#######
###..8.# ##...##...## #......#..
##..........## #.....# #..
#............####....#####.####
#.....)......g@................
#............####..............
####..........## ##......## #...
........##...#####......## #...
.....#####.####.........# ##...
.....#####..##...................
...........>.........#######.....
.)...............##.## #..#...
K....##<)<.......##.# #.......


You could see a gnoll.

Vanquished Creatures
  2 endoplasms (D:1)
  A giant cockroach (D:2)
  2 hobgoblins
  A quokka (D:1)
  4 bats (D:1)
  2 frilled lizards (D:1)
  A goblin (D:2)
  4 kobolds
  2 rats (D:1)
19 creatures vanquished.

Vanquished Creatures (others)
  3 fungi (D:2)
  3 plants (D:2)
6 creatures vanquished.

Grand Total: 25 creatures vanquished

Notes
Turn   | Place    | Note
-------+----------+-------------------------------------------
     0 | D:1      | tilp the Armataur Hedge Wizard began the quest for the Orb.
     0 | D:1      | Reached XP level 1. HP: 14/14 MP: 4/4
     2 | D:1      | Learned a level 1 spell: Slow
   143 | D:1      | Reached skill level 1 in Conjurations
   226 | D:1      | Found Epuwimil's Assorted Antiques.
   242 | D:1      | Bought a yellow potion for 21 gold pieces
   242 | D:1      | Bought a metallic silvery potion for 21 gold pieces
   271 | D:1      | Reached skill level 1 in Summonings
   290 | D:1      | Reached XP level 2. HP: 22/23 MP: 2/5
   415 | D:1      | Reached skill level 1 in Fighting
   669 | D:1      | Learned a level 2 spell: Blink
   733 | D:2      | Found Begio's Antique Armour Emporium.
   873 | D:2      | Slain by a gnoll

Illustrated notes

Levels and vault maps discovered:
D:1:      minmay_arrival_doors, layout_rooms, serial_shops, shop
D:2:      layout_rooms, basic_altar, serial_shops, shop,
          shapermc_ecumenical_altar_rom_forum, mrwooster_statue_mirror

Skill      XL: |  1  2 |
---------------+-------+-----
Conjurations   | 1 |  1.0
Summonings     | 1 |  1.0
Fighting       | 1 |  1.1
Short Blades   | |  0.1
Dodging        | |  1.5
Stealth        | |  2.4
Spellcasting   | |  2.7
Translocations | |  1.0

Action                     || total
---------------------------++-------
  Melee: Dagger            ||    57
         Tailslap          ||     9
   Cast: Magic Dart        ||    31
         Slow              ||    11
   Stab: Sleeping          ||     2
 Armour: Robe              ||    37
  Dodge: Dodged            ||    50

Table legend: (Time is in decaauts)
 A = Elapsed time spent in this place.
 B = Non-inter-level travel time spent in this place.
 C = Inter-level travel time spent in this place.
 D = Time resting spent in this place.
 E = Time spent auto-exploring this place.
 F = Levels seen in this place.
 G = Mean time per level.
                   A        B        C        D        E       F      G
               +--------+--------+--------+--------+--------+-----+--------+
         Total |    872 |    816 |     56 |      0 |    603 |   2 |  436.0 |
       Dungeon |    872 |    816 |     56 |      0 |    603 |   2 |  436.0 |
               +--------+--------+--------+--------+--------+-----+--------+

Top non-repeatable levels by time:
     D:1: 727 daAuts
     D:2: 145 daAuts
